 Dungeon Crawl Stone Soup version 0.29-a0-330-g52719c12eb (webtiles) character file.

Game seed: 4595269370713925476

10411 tilp the Covert (level 11, -5/99 HPs)
             Began as a Naga Fire Elementalist on May 3, 2022.
             Was a Priest of Makhleb.
             Slain by a troll (7 damage)
             ... on level 11 of the Dungeon on May 4, 2022.
             The game lasted 00:30:32 (17207 turns).

tilp the Covert (Naga Fire Elementalist)           Turns: 17207, Time: 00:30:33

Health: -5/99      AC: 11    Str: 18    XL:     11   Next: 61%
Magic:  18/18      EV: 10    Int: 21    God:    Makhleb [***...]
Gold:   400        SH:  5    Dex: 11    Spells: 7/20 levels left

rFire   + . .      SeeInvis +   b - +8 mace of the Inferno {vorpal, Will+ Str+2 SInv Stlth-}
rCold   . . .      Faith    .   (no shield)
rNeg    . . .      Spirit   .   f - +1 robe
rPois   +          Reflect  +   M - +1 hat
rElec   .          Harm     .   v - +2 cloak
rCorr   .          Rampage  .   N - +0 pair of gloves
Will    ++...                   (no barding)
Stlth   +++.......              F - amulet of reflection
HPRegen 0.26/turn               u - +6 ring of strength
MPRegen 0.16/turn               D - ring of protection from fire

@: invisible, very slow
A: AC +3, large, see invisible, deformed body, poison resistance, slowness 2,
spit poison 1, naga tail 1
a: Spit Poison, Renounce Religion, Minor Destruction, Lesser Servant of Makhleb


You were on level 11 of the Dungeon.
You worshipped Makhleb.
Makhleb was most pleased with you.
You visited 1 branch of the dungeon, and saw 11 of its levels.

You collected 602 gold pieces.
You spent 202 gold pieces at shops.

Inventory:

Hand Weapons
 a - a +5 dagger of venom
 b - the +8 mace of the Inferno (weapon) {vorpal, Will+ Str+2 SInv Stlth-}
   (You found it on level 3 of the Dungeon)

   It inflicts extra damage upon your enemies.
   Str:       It affects your strength (+2).
   SInv:      It lets you see invisible.
   Will:      It increases your willpower.
   Stlth:     It makes you less stealthy.
 G - the +4 falchion of Untimely Demise {vorpal, rElec rC+ Will+ Int+3}
   (You found it on level 9 of the Dungeon)

   It inflicts extra damage upon your enemies.
   Int:       It affects your intelligence (+3).
   rC:        It protects you from cold.
   rElec:     It insulates you from electricity.
   Will:      It increases your willpower.
Missiles
 i - 29 poisoned darts (quivered)
 m - 5 javelins
 q - 15 boomerangs
 O - 6 silver javelins
Armour
 f - a +1 robe (worn)
 g - a +0 ring mail
 v - a +2 cloak (worn)
 H - a +0 kite shield
 M - a +1 hat (worn)
 N - a +0 pair of gloves (worn)
Jewellery
 u - a +6 ring of strength (left hand)
 D - a ring of protection from fire (right hand)
 F - an amulet of reflection (around neck)
 J - an amulet of guardian spirit
Wands
 h - a wand of mindburst (30)
 l - a wand of iceblast (4)
 o - a wand of polymorph (4)
 C - a wand of paralysis (3)
 E - a wand of digging (3)
 L - a wand of flame (17)
Scrolls
 c - 3 scrolls of amnesia
 s - a scroll of vulnerability
 x - 2 scrolls of silence
 y - 4 scrolls of teleportation
 z - a scroll of immolation
 B - 3 scrolls of magic mapping
 K - 2 scrolls of identify
Potions
 d - 7 potions of curing
 j - 3 potions of lignification
 k - 3 potions of might
 n - a potion of mutation
 p - 3 potions of invisibility
 r - a potion of magic
 t - 2 potions of flight
 w - a potion of resistance
 A - 2 potions of brilliance
 I - a potion of cancellation


   Skills:
 + Level 6.6 Fighting
 + Level 6.6 Maces & Flails
 - Level 2.0 Throwing
 + Level 3.0 Armour
 + Level 3.0 Dodging
 + Level 8.2 Stealth
 - Level 5.0 Spellcasting
 - Level 6.0 Conjurations
 - Level 4.0 Translocations
 - Level 8.0 Fire Magic
 + Level 4.9 Invocations
 + Level 4.9 Evocations


You had 7 spell levels left.
You knew the following spells:

 Your Spells              Type           Power      Damage    Failure   Level
a - Foxfire               Conj/Fire      100%       2x1d9     1%          1
b - Scorch                Fire           76%        2d8       1%          2
c - Flame Wave            Conj/Fire      34%        2d8       6%          4
d - Sticky Flame          Conj/Fire      34%        2d5       6%          4
e - Blink                 Tloc           44%        N/A       3%          2

Your spell library contained the following spells:

 Spells                   Type           Power      Damage    Failure   Level
 Conjure Flame            Conj/Fire      34%        6-21      1%          3
 Static Discharge         Conj/Air       17%        N/A       4%          2
 Gell's Gravitas          Tloc           22%        N/A       6%          3
 Inner Flame              Hex/Fire       22%        N/A       6%          3
 Lesser Beckoning         Tloc           22%        N/A       6%          3
 Teleport Other           Tloc           22%        N/A       6%          3
 Dazzling Flash           Conj/Hex       34%        N/A       10%         3
 Summon Small Mammal      Summ           20%        N/A       11%         1
 Call Canine Familiar     Summ           5%         N/A       32%         3
 Summon Guardian Golem    Hex/Summ       5%         N/A       32%         3
 Manifold Assault         Tloc           22%        N/A       50%         5
 Lightning Bolt           Conj/Air       8%         1d21      65%         5
 Airstrike                Air            2%         N/A       71%         4
 Dispel Undead            Necr           5%         3d7       71%         4
 Summon Lightning Spire   Summ/Air       5%         N/A       71%         4
 Agony                    Necr           5%         N/A       96%         5
 Silence                  Hex/Air        2%         N/A       96%         5
 Storm Form               Tmut/Air       2%         N/A       100%        7


Dungeon Overview and Level Annotations

Branches:
Dungeon (11/15)            Temple (0/1) D:5            Lair (0/6) D:10
    Orc: D:9-12

Altars:
Ashenzari
Elyvilon
Gozag
Hepliaklqana
Makhleb
Nemelex Xobeh
Okawaru
Vehumet
Wu Jian
Xom
Yredelemnul
Zin
The Shining One

Shops:
D:1 *   D:10 *

Annotations:
D:6 exclusion: 2 wights, Grinder


Innate Abilities, Weirdness & Mutations

Your serpentine skin is tough. (AC +3)
You have supernaturally acute eyesight. (SInv)
Armour fits poorly on your strangely shaped body.
Your system is resistant to poisons. (rPois)
You cover ground very slowly.
You can spit poison.
You have a snake-like lower body.


Message History

Your Dodging skill increases to level 3!
Unknown command.
Unknown command.
You feel much better. The troll bites you.
* * * LOW HITPOINT WARNING * * *
The troll claws you.
* * * LOW HITPOINT WARNING * * *
The troll claws you!
* * * LOW HITPOINT WARNING * * *
The shadow hits you.
* * * LOW HITPOINT WARNING * * *
Unknown command.
Unknown command.
Unknown command.
Magic courses through your body. The troll bites you.
* * * LOW HITPOINT WARNING * * *
The troll claws you but does no damage. The troll claws you.
* * * LOW HITPOINT WARNING * * *
The shadow closely misses you.
Unknown command.
Unknown command.
Unknown command.
Casting: Flame Wave (dangerous; 6% risk of failure)
Confirm with . or Enter, or press ? or * to list all spells.
Aiming: Sticky Flame (dangerous; 6% risk of failure)
Press: ? - help, Shift-Dir - straight line, f - shadow
Aim: a shadow (100% to hit)
Okay, then.
That's the wrong kind of item! (Use * to select it.) Evoke which item? (* to show all) (? for menu, Esc to quit)
Okay, then.
Aiming: Paralyse
Press: ? - help, Shift-Dir - straight line, f - shadow
Aim: a shadow (chance to affect: 44%)
The shadow suddenly stops moving!
You carefully extract the barbed spikes from your body.
The troll bites you!
* * * LOW HITPOINT WARNING * * *
The troll claws you!
You die...

##..##..###....## #...
#...#...#..#.. .....
#.......#.....
.......#..##...........
.......#.......<.....##.
..... .......>..........
..... ........#.........
....H##......##.........
..............?.@.......
#..?........#T†W......
#...#....)###.......
##..<###.. .......
#>......... .......
##......... .......
##........ .......
#........ ..#....
##....... ......#


You could see a troll (can't see you) and a shadow (paralysed).

Vanquished Creatures
  A two-headed ogre (D:9)
  A deep elf pyromancer (D:11)
  A manticore (D:11)
  2 komodo dragons
  A kobold demonologist (D:10)
  A troll (D:8)
  A hornet (D:7)
  2 wyverns (D:10)
  19 yaks
  A wraith (D:10)
  Menkaure (D:7)
  2 water moccasins
  2 orc warriors (D:10)
  2 sky beasts (D:5)
  An ice beast (D:9)
  5 black bears
  4 ogres
  2 centaurs
  2 kobold brigands
  7 bullfrogs
  3 scorpions
  A gnoll sergeant (D:8)
  23 killer bees
  4 howler monkeys
  2 jellies
  7 hounds
  2 orc priests (D:8)
  Crazy Yiuf (D:7)
  3 iguanas
  11 orc wizards
  8 adders
  6 gnolls
  A white imp (D:5)
  A worm (D:2)
  5 dart slugs
  32 orcs
  6 ball pythons
  3 bats
  4 endoplasms
  4 giant cockroaches
  5 goblins
  5 hobgoblins
  6 jackals
  5 quokkas
  3 frilled lizards
  17 kobolds
  5 rats
  A spectral orc (D:6)
232 creatures vanquished.

Vanquished Creatures (others)
  141 foxfires
  52 fungi (D:10)
  41 plants (D:10)
234 creatures vanquished.

Grand Total: 466 creatures vanquished

Notes
Turn   | Place    | Note
-------+----------+-------------------------------------------
     0 | D:1      | tilp the Naga Fire Elementalist began the quest for the
                  | Orb.
     0 | D:1      | Reached XP level 1. HP: 15/15 MP: 3/3
   144 | D:1      | Reached XP level 2. HP: 13/22 MP: 0/5
   147 | D:1      | Learned a level 2 spell: Scorch
   771 | D:1      | Found Wegacis's Assorted Antiques.
  1055 | D:1      | Reached XP level 3. HP: 30/30 MP: 3/6
  1306 | D:1      | Bought a viscous puce potion for 18 gold pieces
  1306 | D:1      | Bought a scroll labelled OWKERUHUAW for 20 gold pieces
  1597 | D:2      | Reached skill level 1 in Fighting
  2103 | D:2      | Reached XP level 4. HP: 38/38 MP: 1/7
  2741 | D:1      | Bought a scroll labelled POCUPN FIRPHE for 20 gold pieces
  3007 | D:3      | Reached XP level 5. HP: 44/44 MP: 1/8
  3237 | D:1      | Bought a viscous red potion for 18 gold pieces
  3237 | D:1      | Bought an emerald potion for 18 gold pieces
  3237 | D:1      | Bought a viscous inky potion for 18 gold pieces
  3752 | D:3      | Identified the +8 mace of the Inferno {vorpal, Will+ Str+2
                  | SInv Stlth-}
  4044 | D:3      | Found a glowing golden altar of the Shining One.
  4045 | D:3      | Found a burning altar of Makhleb.
  4046 | D:3      | Found a hazy altar of Hepliaklqana.
  4047 | D:3      | Found an ornate altar of the Wu Jian Council.
  4225 | D:3      | Became a worshipper of Makhleb the Destroyer
  4296 | D:4      | Noticed an ogre
  4743 | D:4      | Reached skill level 1 in Maces & Flails
  4743 | D:4      | Reached XP level 6. HP: 26/52 MP: 5/10
  5184 | D:5      | Entered Level 5 of the Dungeon
  5219 | D:5      | Found a staircase to the Ecumenical Temple.
  5224 | D:5      | Noticed a sky beast
  5238 | D:5      | Killed a sky beast
  5622 | D:5      | Reached skill level 1 in Invocations
  5622 | D:5      | Reached skill level 1 in Evocations
  5622 | D:5      | Reached XP level 7. HP: 9/60 MP: 4/11
  6098 | D:1      | Bought a cloak for 90 gold pieces
  6375 | D:5      | Reached skill level 5 in Fire Magic
  7118 | D:4      | Reached XP level 8. HP: 67/67 MP: 6/12
  7388 | D:5      | Reached skill level 1 in Armour
  8018 | D:6      | Reached skill level 5 in Stealth
  8126 | D:6      | Found a basalt altar of Yredelemnul.
  8131 | D:6      | Reached * piety under Makhleb
  8238 | D:6      | Noticed Grinder
  8731 | D:7      | Reached XP level 9. HP: 70/76 MP: 10/13
  8736 | D:7      | Learned a level 4 spell: Flame Wave
  8741 | D:7      | Learned a level 4 spell: Sticky Flame
  8744 | D:7      | Learned a level 2 spell: Blink
  8769 | D:7      | Found a radiant altar of Vehumet.
  8930 | D:7      | Noticed a hornet
  8937 | D:7      | Killed a hornet
  9086 | D:7      | Noticed Menkaure
  9087 | D:7      | Killed Menkaure
  9097 | D:7      | Found a white marble altar of Elyvilon.
  9237 | D:7      | Reached skill level 1 in Translocations
  9412 | D:7      | Found a runed translucent door.
  9414 | D:7      | Noticed Crazy Yiuf
 10156 | D:7      | Killed Crazy Yiuf
 10269 | D:8      | Noticed a troll
 10278 | D:8      | Killed a troll
 11331 | D:8      | Found a broken altar of Ashenzari.
 11331 | D:8      | Found a sparkling altar of Nemelex Xobeh.
 11390 | D:8      | Reached XP level 10. HP: 72/87 MP: 6/15
 11512 | D:8      | Reached ** piety under Makhleb
 12479 | D:9      | Found an iron altar of Okawaru.
 12560 | D:9      | Noticed Maurice
 12561 | D:9      | Noticed Maurice
 12561 | D:9      | Maurice changed into Maurice the ice beast
 12564 | D:9      | Killed Maurice the ice beast
 12570 | D:9      | Noticed a two-headed ogre
 12580 | D:9      | Killed a two-headed ogre
 12581 | D:9      | Reached skill level 5 in Fighting
 12581 | D:9      | Reached skill level 5 in Maces & Flails
 12581 | D:9      | Reached skill level 5 in Conjurations
 12794 | D:9      | You fall into a shaft and drop 2 floors!
 12811 | D:10     | Entered Level 10 of the Dungeon
 13078 | D:10     | Noticed a kobold demonologist
 13086 | D:10     | Killed a kobold demonologist
 13098 | D:10     | Found Voor's Assorted Antiques.
 13514 | D:9      | Identified the +4 falchion of Untimely Demise {vorpal,
                  | rElec rC+ Will+ Int+3}
 13911 | D:9      | Reached skill level 5 in Spellcasting
 14161 | D:9      | Reached XP level 11. HP: 75/97 MP: 16/18
 15022 | D:9      | Reached skill level 1 in Throwing
 15785 | D:10     | Found a shimmering altar of Xom.
 15816 | D:10     | Reached *** piety under Makhleb
 15860 | D:10     | Found a staircase to the Lair.
 16193 | D:10     | Found an opulent altar of Gozag.
 16253 | D:10     | Found a glowing silver altar of Zin.
 16676 | D:11     | Noticed a red ugly thing
 16698 | D:11     | Noticed a manticore
 16700 | D:11     | Noticed a deep elf pyromancer
 17193 | D:11     | Killed a deep elf pyromancer
 17202 | D:11     | HP: 4/99 [troll (9)]
 17204 | D:11     | Killed a manticore
 17207 | D:11     | HP: 2/99 [troll (8)]
 17207 | D:11     | Slain by a troll

Illustrated notes

Levels and vault maps discovered:
D:1:      dpeg_arrival_rooms_a, layout_basic, serial_shops, shop
D:2:      layout_loops_ring, grunt_decor_one_mirror
D:3:      layout_basic, mainiacjoe_overflow_alcove_3, kennysheep_cluttered_room
D:4:      layout_basic, due_unseen_surprise
D:5:      layout_loops_cross, minmay_temple_entry_statues_pillars
D:6:      layout_basic, yredelemnul_forgotten_temple_becter,
          kennysheep_generic_room_11, uniq_grinder
D:7:      layout_layer_cave, elyvilon_altar_1, fiery_altar_vehumet,
          uniq_menkaure, uniq_crazy_yiuf_cottage
D:8:      layout_layer_cave, gammafunk_temple_overflow_statue
D:9:      layout_roguey, okawaru_altar_gauntlet_db, minmay_misc_feat_x,
          kennysheep_small_spiral, uniq_maurice
D:10:     layout_gridville, pdpol_temple_overflow_zin_treasury_gozag_greed,
          lemuel_crystal_altar, due_lair_maze_entry_diamond, serial_shops,
          nicolae_diamond_shop, due_unseen_surprise
D:11:     kennysheep_big_flooded_room, layout_cave_pools,
          ebering_ghost_reflecting_pool, kennysheep_flooded_box

Skill      XL: |  1  2  3  4  5  6  7  8  9 10 11 |
---------------+----------------------------------+-----
Fighting       | 1 2 3 4 6 |  6.6
Conjurations   | 2 3 4 6 |  6.0
Fire Magic     | 4 6 8 |  8.0
Maces & Flails | 1 2 3 4 6 |  6.6
Spellcasting   | 3 5 |  5.0
Invocations    | 1 2 3 4 |  4.9
Evocations     | 1 2 4 |  4.9
Armour         | 2 3 |  3.0
Dodging        | 2 3 |  3.0
Stealth        | 5 6 7 8 |  8.2
Translocations | 3 4 |  4.0
Throwing       | 2 |  2.0

Action                   |  1- 3 |  4- 6 |  7- 9 | 10-12 || total
-------------------------+-------+-------+-------+-------++-------
Melee: Unarmed           |     9 |       |       |       ||     9
       Short sword       |     3 |     1 |       |       ||     4
       Dagger            |       |    51 |    84 |   100 ||   235
       Punch             |       |       |     1 |     3 ||     4
       Mace              |       |       |       |    57 ||    57
Throw: Dart              |     1 |       |     5 |     1 ||     7
 Cast: Foxfire           |    16 |    18 |     8 |    36 ||    78
       Scorch            |    23 |    27 |    57 |    77 ||   184
       Flame Wave        |       |       |     6 |    10 ||    16
       Sticky Flame      |       |       |       |     7 ||     7
 Abil: Spit Poison       |     1 |     5 |     8 |     6 ||    20
Evoke: Wand              |       |       |     1 |    11 ||    12
  Use: Scroll            |     4 |    10 |     8 |     4 ||    26
       Potion            |       |       |       |     4 ||     4
 Stab: Sleeping          |     1 |     5 |    11 |     5 ||    22
       Paralysed         |       |       |       |     3 ||     3
Armor: Robe              |     4 |    23 |    56 |    79 ||   162
Dodge: Dodged            |     4 |    40 |    72 |   109 ||   225
Block: Other             |       |       |       |    56 ||    56
       Reflection        |       |       |       |     1 ||     1

Table legend: (Time is in decaauts)
 A = Elapsed time spent in this place.
 B = Non-inter-level travel time spent in this place.
 C = Inter-level travel time spent in this place.
 D = Time resting spent in this place.
 E = Time spent auto-exploring this place.
 F = Levels seen in this place.
 G = Mean time per level.
                   A        B        C        D        E       F      G
               +--------+--------+--------+--------+--------+-----+--------+
         Total |  20321 |  18572 |   1749 |   5274 |  11300 |  11 | 1847.4 |
       Dungeon |  20321 |  18572 |   1749 |   5274 |  11300 |  11 | 1847.4 |
               +--------+--------+--------+--------+--------+-----+--------+

Top non-repeatable levels by time:
     D:9: 2710 daAuts
     D:8: 2502 daAuts
    D:10: 2346 daAuts
     D:1: 2088 daAuts
     D:5: 2059 daAuts
     D:7: 1978 daAuts
     D:4: 1874 daAuts
     D:3: 1678 daAuts
     D:2: 1612 daAuts
     D:6: 1401 daAuts
    D:11: 70 daAuts
